[Event "Titled Tuesday Blitz October 11 Early 2022"]
[White "Wirig, Anthony"]
[Black "Haitin, Ilja"]
[WhiteFideId "615013"]
[BlackFideId "4501764"]
[WhiteElo "2474"]
[BlackElo "2221"]
[Result "0-1"]
[Round "02"]
[TimeControl "180+1"]
[Date "2022.10.12"]
[WhiteClock "0:00:05"]
[BlackClock "0:00:04"]

1. d4 Nf6 2. Bg5 d5 3. Bxf6 exf6 4. e3 Bd6 5. c4 dxc4 6. Bxc4 f5 7. Nc3 O-O 8. Nf3 c6 9. O-O Nd7 10. a3 Nf6 11. Rc1 Qe7 12. Qc2 Ne4 13. Rfe1 Bd7 14. g3 Kh8 15. Bf1 g5 16. Bg2 Rae8 17. Nd2 Nf6 18. Qb3 Be6 19. Qa4 Bb8 20. e4 fxe4 21. Ndxe4 Nxe4 22. Nxe4 Bd5 23. Re3 Qd8 24. Nc3 Rxe3 25. fxe3 Bxg2 26. Kxg2 f5 27. Qc4 f4 28. exf4 gxf4 29. Rf1 fxg3 30. Rxf8+ Qxf8 31. hxg3 Qg7 32. Qd3 Qg4 33. d5 Be5 34. dxc6 bxc6 35. Ne4 Qe6 36. b4 Qd5 37. Qf3 Kg7 38. Kh3 Qe6+ 39. Kg2 Qd5 40. Nf2 Qxf3+ 41. Kxf3 Bb2 42. a4 Bc3 43. Nd3 Kf6 44. Kf4 h5 45. g4 hxg4 46. Kxg4 Ke6 47. Kf4 Kd6 48. Ke4 a6 0-1


[Site "https://www.chess.com"]

[Event "Titled Tuesday Blitz October 11 Early 2022"]
[White "Xu, Yi"]
[Black "Sargsyan, Anna M."]
[WhiteFideId "8605564"]
[BlackFideId "13308130"]
[WhiteElo "2471"]
[BlackElo "2284"]
[Result "1-0"]
[Round "02"]
[TimeControl "180+1"]
[Date "2022.10.12"]
[WhiteClock "0:00:11"]
[BlackClock "0:00:04"]

1. e4 c6 2. d4 d5 3. e5 Bf5 4. h4 h5 5. Bd3 Bxd3 6. Qxd3 e6 7. Nf3 Ne7 8. Bg5 Qb6 9. Nbd2 Nf5 10. c4 dxc4 11. Nxc4 Bb4+ 12. Kf1 Qa6 13. a3 Bf8 14. g3 Nd7 15. Kg2 Nb6 16. Rac1 Nxc4 17. Rxc4 Be7 18. Rhc1 O-O 19. Bxe7 Nxe7 20. Ng5 Nf5 21. Qf3 g6 22. Ne4 Rad8 23. Nf6+ Kg7 24. Qf4 Rh8 25. a4 Qb6 26. d5 exd5 27. Rb4 Qc7 28. Re1 Qe7 29. Rb3 c5 30. Qg5 b6 31. Rf3 Qe6 32. Nxh5+ Rxh5 33. Qxd8 d4 34. Qf6+ Kg8 35. Rf4 d3 36. Qd8+ Kg7 37. Qxd3 Nd4 38. Qe4 Qb3 39. Rf6 Qxa4 40. Qd5 Qe8 41. Re4 Ne6 42. Qb7 b5 43. Kh2 b4 44. Re1 a5 45. Qb6 a4 46. Re3 Rh8 47. Ref3 Rf8 48. h5 Qe7 49. hxg6 Rh8+ 50. Kg1 Ng5 51. Rxf7+ Nxf7 52. Rxf7+ Qxf7 53. gxf7 Kxf7 1-0


[Site "https://www.chess.com"]

[Event "Titled Tuesday Blitz October 11 Early 2022"]
[White "Yaniuk, Volodymyr"]
[Black "Matveeva, Olga"]
[WhiteFideId "14133083"]
[BlackFideId "24107018"]
[WhiteElo "2141"]
[BlackElo "2055"]
[Result "0-1"]
[Round "02"]
[TimeControl "180+1"]
[Date "2022.10.12"]
[WhiteClock "0:00:03"]
[BlackClock "0:00:18"]

1. d4 Nf6 2. c4 e6 3. g3 Bb4+ 4. Bd2 Be7 5. Bg2 d5 6. Qc2 O-O 7. Nf3 Nbd7 8. O-O c6 9. Bf4 b6 10. cxd5 cxd5 11. Bc7 Qe8 12. Nc3 Bb7 13. Rfc1 Rc8 14. Bf4 Ne4 15. Qa4 Nxc3 16. bxc3 a6 17. c4 dxc4 18. Rxc4 b5 19. Rxc8 Qxc8 20. Qd1 Nb6 21. Rc1 Qa8 22. Rc7 Nd5 23. Rc1 Nxf4 24. gxf4 Rd8 25. e3 a5 26. Rc7 Bd6 27. Rc1 h6 28. Ne1 Bxg2 29. Nxg2 b4 30. Qa4 Qd5 31. Ne1 h5 32. h3 Qf5 33. Kg2 Qe4+ 34. Nf3 Qd5 35. Qb3 Qe4 36. Qc2 Qd5 37. e4 Qb5 38. e5 Bf8 39. f5 Qd5 40. fxe6 fxe6 41. Re1 Be7 42. Qg6 Rf8 43. Qxh5 a4 44. Re2 b3 45. axb3 axb3 46. Qg4 Ba3 47. Kg3 b2 48. Re1 Bb4 49. Rg1 Bc3 50. Kh2 Rf7 0-1


[Site "https://www.chess.com"]

[Event "Titled Tuesday Blitz October 11 Early 2022"]
[White "Yuan, Qingyu"]
[Black "Guerrero Olmos, Sergio"]
[WhiteFideId "8609772"]
[BlackFideId "2257238"]
[WhiteElo "2359"]
[BlackElo "2272"]
[Result "0-1"]
[Round "02"]
[TimeControl "180+1"]
[Date "2022.10.12"]
[WhiteClock "0:00:14"]
[BlackClock "0:00:34"]

1. d4 d5 2. Bf4 c5 3. c3 Nf6 4. Nf3 Nc6 5. Nbd2 e6 6. e3 Bd6 7. Bg3 O-O 8. Bd3 b6 9. Qe2 Bb7 10. e4 dxe4 11. Nxe4 Be7 12. dxc5 bxc5 13. Rd1 Qb6 14. Bh4 c4 15. Bb1 Nxe4 16. Bxe4 Bxh4 17. Nxh4 Ne5 18. Bxb7 Nd3+ 19. Rxd3 cxd3 20. Qf3 d2+ 21. Kxd2 Qxb2+ 22. Ke3 Rab8 23. Be4 f5 24. Bd3 f4+ 25. Ke4 Qxc3 26. Qd1 Qc6+ 27. Kd4 Rfd8+ 28. Ke5 g5 29. Bxh7+ Kg7 30. Be4 Rb5+ 31. Bd5 Rbxd5+ 32. Ke4 Rxd1+ 0-1


[Site "https://www.chess.com"]

[Event "Titled Tuesday Blitz October 11 Early 2022"]
[White "Abdisalimov, Abdimalik"]
[Black "Subelj, Jan"]
[WhiteFideId "14206323"]
[BlackFideId "14618583"]
[WhiteElo "2401"]
[BlackElo "2394"]
[Result "0-1"]
[Round "03"]
[TimeControl "180+1"]
[Date "2022.10.11"]
[WhiteClock "0:00:19"]
[BlackClock "0:00:32"]

1. d4 d5 2. c4 c6 3. cxd5 cxd5 4. Bf4 Nc6 5. e3 Nf6 6. Bd3 a6 7. Nc3 Bg4 8. Qb3 Na5 9. Qc2 Rc8 10. Nge2 e6 11. O-O Bd6 12. Bxd6 Qxd6 13. Nb5 Rxc2 14. Nxd6+ Ke7 15. Bxc2 Bxe2 16. Rfe1 Bh5 17. b4 Kxd6 18. bxa5 Rc8 19. Rec1 Rc4 20. Rab1 Nd7 21. Bd3 Rxc1+ 22. Rxc1 Nb8 23. Bxh7 Nc6 24. f3 f5 25. Rc5 Bf7 26. h4 g6 27. g4 fxg4 28. fxg4 e5 29. Rc2 exd4 30. Rf2 Ke7 31. exd4 Nxd4 32. Kg2 Nc6 33. g5 Ne5 34. Rb2 d4 35. Rxb7+ Kf8 36. Ra7 Kg7 37. Rxa6 Kxh7 38. Rd6 Nc4 39. Rd7 Kg8 40. a6 Nb6 41. Rd8+ Kg7 42. a3 Bd5+ 43. Kg3 d3 44. Kf2 d2 45. Ke2 Bc4+ 46. Kd1 Be6 0-1


[Site "https://www.chess.com"]

[Event "Titled Tuesday Blitz October 11 Early 2022"]
[White "Acosta Cruz, Oscar Yosimar"]
[Black "Krzywda, Andrzej"]
[WhiteFideId "5111269"]
[BlackFideId "1114565"]
[WhiteElo "2147"]
[BlackElo "2149"]
[Result "0-1"]
[Round "03"]
[TimeControl "180+1"]
[Date "2022.10.12"]
[WhiteClock "0:00:15"]
[BlackClock "0:00:10"]

1. e4 c5 2. Nf3 d6 3. d4 cxd4 4. Nxd4 Nf6 5. Nc3 a6 6. Rg1 Nc6 7. Nb3 h5 8. h3 g6 9. Be3 Bg7 10. Qd2 Be6 11. O-O-O b5 12. f3 h4 13. Kb1 Rb8 14. Nd5 Bxd5 15. exd5 Ne5 16. Na5 Qc7 17. b3 Nfd7 18. Bd4 O-O 19. f4 Nc4 20. Bxc4 bxc4 21. Bxg7 Kxg7 22. Qd4+ Kg8 23. Nxc4 a5 24. f5 a4 25. fxg6 fxg6 26. g3 axb3 27. cxb3 Ne5 28. Nxe5 dxe5 29. Qd2 Rf3 30. gxh4 Rb6 31. h5 Qc5 32. Rxg6+ Rxg6 33. hxg6 Rf2 34. Qc1 Qa5 35. a3 Rf3 36. Qc4 Qxa3 37. d6+ Kg7 38. Qf7+ Rxf7 39. gxf7 Qxb3+ 40. Kc1 Qc3+ 41. Kb1 Qb4+ 42. Kc1 exd6 43. Rf1 Qc4+ 0-1


[Site "https://www.chess.com"]

[Event "Titled Tuesday Blitz October 11 Early 2022"]
[White "Aggelis, Nikolaos"]
[Black "Ardila, Oscar Humberto"]
[WhiteFideId "4213220"]
[BlackFideId "4404742"]
[WhiteElo "2187"]
[BlackElo "1898"]
[Result "1-0"]
[Round "03"]
[TimeControl "180+1"]
[Date "2022.10.12"]
[WhiteClock "0:01:46"]
[BlackClock "0:00:05"]

1. Nf3 Nf6 2. g3 g6 3. Bg2 Bg7 4. O-O O-O 5. d4 d6 6. b3 Nbd7 7. Bb2 c6 8. Nbd2 Qc7 9. e4 b6 10. Re1 Ba6 11. Qc1 e5 12. dxe5 Nxe5 13. Nxe5 dxe5 14. Bf1 Bxf1 15. Kxf1 Bh6 16. Bc3 Rad8 17. Re2 Qd7 18. Qe1 Qh3+ 19. Kg1 Ng4 20. Nf1 f5 21. f3 Nf6 22. exf5 Nd5 23. Bxe5 Rxf5 24. f4 Rh5 25. c4 Ne7 26. Bf6 Bg7 27. Bxg7 Kxg7 28. Rxe7+ Kh6 29. Qc3 1-0


[Site "https://www.chess.com"]

[Event "Titled Tuesday Blitz October 11 Early 2022"]
[White "Aldokhin, Ivan"]
[Black "Zaksaite, Salomeja"]
[WhiteFideId "24115720"]
[BlackFideId "12801496"]
[WhiteElo "2313"]
[BlackElo "2094"]
[Result "1-0"]
[Round "03"]
[TimeControl "180+1"]
[Date "2022.10.12"]
[WhiteClock "0:01:17"]
[BlackClock "0:00:03"]

1. e4 c5 2. Nf3 e6 3. d4 cxd4 4. Nxd4 Nf6 5. Nc3 Nc6 6. Nxc6 bxc6 7. Bd3 d5 8. Bf4 Be7 9. Qe2 O-O 10. O-O d4 11. Nb1 Nd7 12. e5 Bg5 13. Bg3 f5 14. exf6 Nxf6 15. Nd2 e5 16. Bxe5 Re8 17. Bxf6 Bxf6 18. Qf3 Be6 19. Qxc6 Kh8 20. Rae1 Bf7 21. Rxe8+ Bxe8 22. Qf3 Rb8 23. b3 Qc7 24. Ne4 Be5 25. Qf8# 1-0


[Site "https://www.chess.com"]

[Event "Titled Tuesday Blitz October 11 Early 2022"]
[White "Aliaga Fernandez, Ingrid Y"]
[Black "Manukian, Artak"]
[WhiteFideId "3802191"]
[BlackFideId "13301373"]
[WhiteElo "2135"]
[BlackElo "2494"]
[Result "0-1"]
[Round "03"]
[TimeControl "180+1"]
[Date "2022.10.12"]
[WhiteClock "0:00:07"]
[BlackClock "0:00:22"]

1. e4 c6 2. d4 d5 3. Nc3 dxe4 4. Nxe4 Nf6 5. Nxf6+ exf6 6. Nf3 Bd6 7. Bd3 O-O 8. c3 Re8+ 9. Be3 Bf4 10. Qd2 Qe7 11. Qc2 Bxe3 12. Bxh7+ Kh8 13. fxe3 Qxe3+ 14. Kf1 Be6 15. Bd3 Nd7 16. Re1 Qh6 17. Re4 g5 18. Qf2 Bd5 19. Rxe8+ Rxe8 20. c4 Bxf3 21. Qxf3 Kg7 22. g3 Qh3+ 23. Kf2 Nf8 24. Bf5 Qh6 25. h4 gxh4 26. Qg4+ Qg5 27. Rxh4 Qxg4 28. Rxg4+ Ng6 29. Re4 Rxe4 30. Bxe4 Ne7 31. Kf3 f5 32. Bd3 Kf6 33. Bf1 b6 34. b3 Ng6 35. Bd3 c5 36. dxc5 bxc5 37. a3 a5 38. Bc2 Ke5 39. g4 fxg4+ 40. Kxg4 Ne7 41. Kf3 Nc6 42. Bd1 Nd4+ 43. Ke3 f5 44. Kd3 f4 45. Kc3 f3 46. Bxf3 Nxf3 47. b4 Kd6 48. bxa5 Kc6 49. a6 Kb6 50. a7 Kxa7 51. Kd3 Kb6 52. Ke4 Nd4 53. Kd5 Nb3 54. a4 Na5 55. Ke4 Nxc4 0-1


[Site "https://www.chess.com"]

[Event "Titled Tuesday Blitz October 11 Early 2022"]
[White "Aloma Vidal, Robert"]
[Black "Shkuran, Danylo"]
[WhiteFideId "2260409"]
[BlackFideId "14106248"]
[WhiteElo "2435"]
[BlackElo "2427"]
[Result "1-0"]
[Round "03"]
[TimeControl "180+1"]
[Date "2022.10.12"]
[WhiteClock "0:00:12"]
[BlackClock "0:00:01"]

1. e4 e6 2. d4 d5 3. e5 c5 4. c3 Qb6 5. Nf3 Bd7 6. a3 Nc6 7. b4 c4 8. Nbd2 f6 9. exf6 Nxf6 10. a4 Bd6 11. a5 Qc7 12. Be2 O-O 13. O-O a6 14. g3 Rae8 15. Re1 e5 16. dxe5 Nxe5 17. Nd4 Nfg4 18. N2f3 h6 19. Kg2 Nf6 20. Nxe5 Bxe5 21. f4 Bd6 22. Bf3 Rxe1 23. Qxe1 Re8 24. Qd1 Ne4 25. Bb2 Qd8 26. Qc2 g5 27. f5 Qf6 28. Rf1 Qe5 29. Bh5 Rf8 30. Bg6 Kg7 31. Qd1 Rf6 32. Re1 Kg8 33. Qf3 Kg7 34. Bc1 Kg8 35. Be3 Kg7 36. Bg1 Qe7 37. Qh5 Be5 38. Re2 Qd6 39. Be3 Bxg3 40. Qh3 Be5 41. Bg1 Bc8 42. Qf3 Qe7 43. Nc2 Bd7 44. Bd4 Be8 45. Ne3 Bxg6 46. Nxd5 Qd6 47. Qxe4 1-0


[Site "https://www.chess.com"]

[Event "Titled Tuesday Blitz October 11 Early 2022"]
[White "Andreikin, Dmitry"]
[Black "Visakh N R"]
[WhiteFideId "4158814"]
[BlackFideId "25012223"]
[WhiteElo "2736"]
[BlackElo "2466"]
[Result "1-0"]
[Round "03"]
[TimeControl "180+1"]
[Date "2022.10.11"]
[WhiteClock "0:01:27"]
[BlackClock "0:00:23"]

1. Nf3 d5 2. g3 Nd7 3. d4 Ngf6 4. Bg2 Nb6 5. O-O h6 6. Ne5 Bf5 7. c4 e6 8. c5 Nbd7 9. c6 bxc6 10. Nxc6 Qc8 11. Nc3 Qb7 12. Ne5 c5 13. Bf4 cxd4 14. Qxd4 Bc5 15. Qa4 O-O 16. Nxd7 Qxd7 17. Qxd7 Nxd7 18. e4 dxe4 19. Nxe4 Rac8 20. Rfd1 Bxe4 21. Bxe4 Nf6 22. Bb7 Rcd8 23. Kg2 Nd5 24. Bxd5 exd5 25. Rac1 Bb6 26. b4 Rfe8 27. a4 g5 28. Bc7 Rd7 29. Bxb6 axb6 30. Rc6 Ra8 31. Rxh6 Rxa4 32. Rxb6 Kg7 33. Rd4 Raa7 34. Rb5 Ra2 35. Rbxd5 Rxd5 36. Rxd5 Kg6 37. Rd4 f5 38. h4 g4 39. Rd6+ Kg7 40. b5 Rb2 41. b6 Rb1 42. h5 Kh7 43. Rf6 Rb5 44. h6 Rb1 45. f4 Rb2+ 46. Kf1 Rb3 47. Rxf5 Kxh6 48. Rg5 Rxg3 49. Rb5 1-0


[Site "https://www.chess.com"]

[Event "Titled Tuesday Blitz October 11 Early 2022"]
[White "Antonio, Jorge Carlos"]
[Black "Andreev, Eduard"]
[WhiteFideId "113190"]
[BlackFideId "14103400"]
[WhiteElo "2247"]
[BlackElo "2368"]
[Result "1-0"]
[Round "03"]
[TimeControl "180+1"]
[Date "2022.10.12"]
[WhiteClock "0:00:14"]
[BlackClock "0:00:01"]

1. d4 Nf6 2. Bf4 c5 3. e3 g6 4. Nf3 Bg7 5. h4 h6 6. c3 b6 7. Bd3 Bb7 8. h5 g5 9. Bg3 d6 10. Nbd2 O-O 11. Qe2 cxd4 12. exd4 Nc6 13. Nxg5 hxg5 14. h6 Bh8 15. Qe3 Nh7 16. Bxh7+ Kxh7 17. Ne4 Bf6 18. Nxg5+ Kh8 19. Ne4 Rg8 20. O-O-O Rc8 21. Nxf6 exf6 22. h7 Rg7 23. Bh4 Rg6 24. Qf3 Na5 25. Qf4 b5 26. Rde1 Qf8 27. Bxf6+ Rxf6 28. Qxf6+ Qg7 29. Qxg7+ Kxg7 30. Rh5 a6 31. Reh1 Rh8 32. Rg5+ Kf8 33. f3 f6 34. Rf5 Kg7 35. a4 Bc8 36. Rd5 Nc4 37. axb5 axb5 38. Rxb5 Rxh7 39. Rxh7+ Kxh7 40. b3 Ne3 41. g4 Kg6 42. Rb6 d5 43. Rd6 Kf7 44. Kd2 Ke7 45. Rc6 Bd7 46. Rc7 Ng2 47. c4 f5 48. g5 Nf4 49. c5 1-0


[Site "https://www.chess.com"]

[Event "Titled Tuesday Blitz October 11 Early 2022"]
[White "Arabidze, Meri"]
[Black "Xu, Yi"]
[WhiteFideId "13604040"]
[BlackFideId "8605564"]
[WhiteElo "2403"]
[BlackElo "2471"]
[Result "1/2-1/2"]
[Round "03"]
[TimeControl "180+1"]
[Date "2022.10.11"]
[WhiteClock "0:00:13"]
[BlackClock "0:00:03"]

1. Nf3 d5 2. g3 Nd7 3. Bg2 e5 4. d3 Ngf6 5. O-O Bd6 6. c4 c6 7. b3 O-O 8. Ba3 Bxa3 9. Nxa3 Re8 10. Qc1 Nf8 11. Rd1 Ng6 12. b4 Be6 13. Qb2 Bd7 14. b5 h6 15. Rac1 Rc8 16. Nc2 Qe7 17. a4 e4 18. dxe4 dxe4 19. Nfd4 Qe5 20. Rb1 Qh5 21. Ne3 Ne5 22. h4 cxb5 23. cxb5 Neg4 24. Nxg4 Bxg4 25. Rbc1 Rxc1 26. Rxc1 e3 27. f3 Bd7 28. Rc7 Qe5 29. Rxd7 Nxd7 30. f4 Qf6 31. Qb4 b6 32. Nc6 Nc5 33. Nxa7 Qa1+ 34. Kh2 Qxa4 35. Qxa4 Nxa4 36. Bf3 Nc3 37. g4 Rd8 38. Kg2 Rd2 39. Kf1 Rd1+ 40. Kg2 Re1 41. Nc8 Nxe2 42. Bxe2 Rxe2+ 43. Kf3 Rb2 44. Nxb6 Rxb5 45. Nc4 h5 46. Nxe3 hxg4+ 47. Kxg4 Kh7 48. Nf5 Ra5 49. Nd6 Kg6 50. h5+ Kf6 51. Ne8+ Ke7 52. Nxg7 Kf8 53. h6 Kg8 54. Nf5 Kh7 55. Kg5 Rb5 56. Kf6 Ra5 57. Kg5 Ra6 58. Kh5 Rg6 59. Kh4 Rf6 60. Kg5 Rg6+ 61. Kh4 Rg1 62. Kh5 Rh1+ 63. Kg5 Rg1+ 64. Kf6 Kg8 65. h7+ Kxh7 66. Kxf7 Rg4 67. Kf6 Rxf4 68. Ke5 Rf1 69. Nd4 Kg6 70. Ne6 Re1+ 71. Kd5 Kf6 72. Nd4 Re5+ 73. Kd6 Re1 74. Kd5 Rd1 75. Ke4 Rd2 76. Ke3 Ra2 77. Ke4 Ra4 78. Kd5 Ke7 79. Ke5 Ra5+ 80. Ke4 Kd6 81. Nf5+ Kc5 82. Ke5 Kc4+ 83. Ke4 Ra6 84. Ne3+ Kc5 85. Nf5 Re6+ 86. Kf4 Kd5 87. Ne3+ Kd4 88. Nf5+ Kd3 89. Ng7 Re7 90. Nf5 Rd7 91. Ke5 Rf7 92. Ke6 Rxf5 93. Kxf5 1/2-1/2


[Site "https://www.chess.com"]

[Event "Titled Tuesday Blitz October 11 Early 2022"]
[White "Araujo Sanchez, Josue"]
[Black "Pourkashiyan, Atousa"]
[WhiteFideId "6416896"]
[BlackFideId "12502014"]
[WhiteElo "2370"]
[BlackElo "2247"]
[Result "1-0"]
[Round "03"]
[TimeControl "180+1"]
[Date "2022.10.12"]
[WhiteClock "0:01:04"]
[BlackClock "0:00:04"]

1. e4 e5 2. Nf3 Nc6 3. Bc4 Bc5 4. d3 Nf6 5. O-O O-O 6. a4 d6 7. c3 h6 8. b4 Nxb4 9. cxb4 Bxb4 10. a5 Bg4 11. h3 Bh5 12. a6 bxa6 13. Rxa6 Nd7 14. Bd2 Bc5 15. Be3 Kh8 16. g4 Bg6 17. Nbd2 Bb6 18. Re1 Nc5 19. Ra1 Ne6 20. Nf1 a5 21. Ng3 Bxe3 22. fxe3 c6 23. Ba2 Nc5 24. Rf1 a4 25. h4 a3 26. h5 Bh7 27. Kg2 Rb8 28. Rf2 Rb2 29. Rxb2 axb2 30. Rb1 Qb6 31. Qc2 Rb8 32. Bxf7 Qb4 33. g5 Na4 34. Ne2 Bg8 35. Bxg8 Kxg8 36. g6 Kh8 37. Qxc6 Qb3 38. Qc4 Qxc4 39. dxc4 Nc5 40. Nd2 Nd3 41. Nc3 Ra8 42. Kf3 Ra1 43. Ke2 Nc5 44. Rxb2 1-0


[Site "https://www.chess.com"]

[Event "Titled Tuesday Blitz October 11 Early 2022"]
[White "Asavasaetakul, Chawit"]
[Black "Kazakov, Mikhail"]
[WhiteFideId "6204856"]
[BlackFideId "14102749"]
[WhiteElo "1919"]
[BlackElo "2413"]
[Result "1-0"]
[Round "03"]
[TimeControl "180+1"]
[Date "2022.10.12"]
[WhiteClock "0:00:21"]
[BlackClock "0:00:08"]

1. e4 d6 2. d4 Nf6 3. Nc3 g6 4. Nf3 Bg7 5. Bg5 h6 6. Bh4 g5 7. Bg3 Nh5 8. Bc4 e6 9. Qd2 a6 10. a4 Nc6 11. d5 Nxg3 12. hxg3 Ne5 13. Nxe5 Bxe5 14. dxe6 fxe6 15. Bb3 Qf6 16. O-O-O Bd7 17. Kb1 O-O-O 18. g4 Bxc3 19. bxc3 Qe5 20. Qd4 Qxd4 21. cxd4 e5 22. dxe5 dxe5 23. f3 Rde8 24. a5 Be6 25. Kb2 Bxb3 26. Kxb3 Re6 27. Rd5 Rd8 28. c4 c6 29. Rxd8+ Kxd8 30. c5 Ke7 31. Kc3 Kd7 32. Kd3 Kc7 33. Ke3 Rf6 34. g3 Kd7 35. Rd1+ Kc7 36. Rh1 Kd7 37. Rh2 Kc7 38. Rb2 Kc8 39. Rf2 Kd7 40. f4 gxf4+ 41. gxf4 Rg6 42. Rd2+ Ke7 43. Rg2 exf4+ 44. Kxf4 Ke6 45. e5 Rg5 46. Re2 Rg7 47. Rd2 Rf7+ 48. Ke4 Rg7 49. Rd6+ Ke7 50. Kf5 Rf7+ 51. Rf6 Rg7 52. Rxh6 Rf7+ 53. Rf6 Rh7 54. g5 Rh1 55. Kg6 Rc1 56. Rf7+ Ke6 57. Rxb7 Rxc5 58. Rb6 Kxe5 59. Rxa6 Kd5 60. Kf7 Rc1 61. g6 Rf1+ 62. Kg8 c5 63. g7 c4 64. Kh7 Rh1+ 65. Rh6 1-0


[Site "https://www.chess.com"]

[Event "Titled Tuesday Blitz October 11 Early 2022"]
[White "Aslanov, Umid"]
[Black "Ulziikhishigjargal, Ochirkhuyag"]
[WhiteFideId "13412620"]
[BlackFideId "4903188"]
[WhiteElo "2173"]
[BlackElo "1920"]
[Result "0-1"]
[Round "03"]
[TimeControl "180+1"]
[Date "2022.10.12"]
[WhiteClock "0:00:04"]
[BlackClock "0:00:35"]

1. e4 c5 2. Nf3 d6 3. d4 cxd4 4. Nxd4 Nf6 5. Nc3 g6 6. Be3 Bg7 7. f3 Nc6 8. Qd2 O-O 9. O-O-O d5 10. exd5 Nxd5 11. Nxc6 bxc6 12. Bd4 e5 13. Bc5 Be6 14. Ne4 h6 15. g4 Qc7 16. Bc4 Rfd8 17. Qf2 Qa5 18. Bb3 Nf4 19. Kb1 Bd5 20. Nc3 Ne6 21. Nxd5 cxd5 22. Ba3 Rac8 23. h4 Nd4 24. f4 Nxb3 25. axb3 exf4 26. Qxf4 Qc7 27. Qxc7 Rxc7 28. Rd3 d4 29. Rhd1 Rdc8 30. R1d2 Be5 31. Re2 Bf6 32. g5 hxg5 33. hxg5 Bg7 34. Rh2 Rd7 35. Re2 Rd5 36. c3 Rxg5 37. cxd4 Rd5 38. Red2 Bh6 39. Rd1 Bf4 40. Bc5 a5 41. b4 axb4 42. Bxb4 Kg7 43. Bc3 g5 44. Kc2 Kg6 45. Rg1 f5 46. Rf3 Bd6 47. Re1 Kf6 48. Kd3 g4 49. Rfe3 Kg5 50. Re6 Bf4 51. Bb4 g3 52. Be7+ Kg4 53. Rf1 Rg8 54. Re2 Rd7 55. Bc5 Bg5 56. Bb4 f4 57. Bd2 Rgd8 58. Re4 Rf8 59. Kc4 g2 60. Rg1 Kh3 61. Re5 Rg7 62. Be1 f3 63. Bf2 Rf4 64. Kc5 Bh4 65. Bxh4 Rxh4 66. Re3 Kg3 67. d5 Rc7+ 68. Kd6 Rb7 69. b3 Rhb4 70. Ke6 Rxb3 71. Re5 Kf2 72. Rc1 Rb2 73. d6 Rd2 74. Rd5 Rxd5 75. Kxd5 g1=Q 76. Rxg1 Kxg1 77. Kc6 Rb1 78. d7 Rd1 79. d8=Q Rxd8 0-1


[Site "https://www.chess.com"]

[Event "Titled Tuesday Blitz October 11 Early 2022"]
[White "Azadaliyev, Jahandar"]
[Black "Sohier, Julien"]
[WhiteFideId "13425811"]
[BlackFideId "645346"]
[WhiteElo "2204"]
[BlackElo "2209"]
[Result "1-0"]
[Round "03"]
[TimeControl "180+1"]
[Date "2022.10.12"]
[WhiteClock "0:00:22"]
[BlackClock "0:00:08"]

1. e4 e5 2. Nf3 Nc6 3. Nc3 Nf6 4. a3 d5 5. Bb5 Nxe4 6. Qe2 Nxc3 7. Qxe5+ Qe7 8. dxc3 Bd7 9. Bxc6 Bxc6 10. O-O Qxe5 11. Nxe5 Bd6 12. Bf4 f6 13. Nxc6 Bxf4 14. Rfe1+ Kd7 15. Nd4 Rae8 16. g3 Bd6 17. Kg2 c6 18. Rad1 g6 19. Nf3 Rxe1 20. Nxe1 Re8 21. Kf3 Re4 22. Nd3 h5 23. b3 a6 24. c4 Bxa3 25. cxd5 cxd5 26. Nf4 Re8 27. Rxd5+ Kc6 28. Rd3 Bc5 29. Nxg6 Re1 30. Nf4 Rf1 31. Rd2 Rh1 32. Kg2 Rc1 33. Nxh5 Be7 34. Ng7 a5 35. Nf5 Bf8 36. c4 b5 37. Rd8 Bc5 38. Rc8+ Kb6 39. cxb5 Kxb5 40. Nd4+ Kb4 41. Ne6 Rc2 42. Nxc5 Rxc5 43. Rxc5 Kxc5 44. h4 Kb4 45. h5 Kxb3 46. h6 a4 47. h7 a3 48. h8=Q a2 49. Qxf6 1-0


[Site "https://www.chess.com"]

[Event "Titled Tuesday Blitz October 11 Early 2022"]
[White "Azarov, Sergei"]
[Black "Katz, Alexander"]
[WhiteFideId "13501470"]
[BlackFideId "2039796"]
[WhiteElo "2494"]
[BlackElo "2388"]
[Result "0-1"]
[Round "03"]
[TimeControl "180+1"]
[Date "2022.10.12"]
[WhiteClock "0:00:01"]
[BlackClock "0:00:15"]

1. e4 c5 2. Nf3 e6 3. d4 cxd4 4. Nxd4 Nc6 5. Nc3 Qc7 6. Be2 a6 7. O-O Nf6 8. Be3 b5 9. Nxc6 Qxc6 10. e5 Nd5 11. Nxd5 exd5 12. Bf3 Bb7 13. Qd2 Rc8 14. c3 d6 15. Bf4 dxe5 16. Bxe5 f6 17. Bg3 Bd6 18. Qe3+ Kf7 19. Rad1 Rhe8 20. Bh5+ g6 21. Qh6 gxh5 22. Qxh7+ Ke6 23. Rfe1+ Be5 24. f4 d4 25. Re2 Rh8 26. Qg6 Rcg8 27. Rxe5+ Kd7 28. Qf5+ Kc7 29. Rc5 h4 30. Rxc6+ Bxc6 31. Bf2 Rxg2+ 32. Kf1 Rxh2 33. Rxd4 Re8 34. Qxf6 h3 35. Rd6 Bg2+ 0-1


[Site "https://www.chess.com"]

[Event "Titled Tuesday Blitz October 11 Early 2022"]
[White "Baches Garcia, Guillermo"]
[Black "Colas, Joshua"]
[WhiteFideId "2209764"]
[BlackFideId "2044447"]
[WhiteElo "2455"]
[BlackElo "2347"]
[Result "1/2-1/2"]
[Round "03"]
[TimeControl "180+1"]
[Date "2022.10.12"]
[WhiteClock "0:00:47"]
[BlackClock "0:00:29"]

1. e4 d5 2. exd5 Qxd5 3. Nc3 Qd6 4. g3 Nf6 5. Bg2 c6 6. Nge2 Bf5 7. O-O e6 8. d3 Be7 9. b4 O-O 10. Rb1 Qd8 11. b5 Nd5 12. a4 Nd7 13. Ne4 cxb5 14. axb5 Rc8 15. c4 N5b6 16. Be3 Ne5 17. Nf4 g5 18. Nh5 Qxd3 19. Nhf6+ Bxf6 20. Nxf6+ Kg7 21. Qh5 h6 22. Bxg5 hxg5 23. Qxg5+ Ng6 24. Nh5+ Kh7 25. Nf6+ Kg7 26. Nh5+ Kg8 27. Nf6+ Kg7 1/2-1/2


[Site "https://www.chess.com"]

[Event "Titled Tuesday Blitz October 11 Early 2022"]
[White "Barria Zuniga, Daniel"]
[Black "Kuznetsova, Olga"]
[WhiteFideId "3400816"]
[BlackFideId "4191323"]
[WhiteElo "2414"]
[BlackElo "2134"]
[Result "0-1"]
[Round "03"]
[TimeControl "180+1"]
[Date "2022.10.12"]
[WhiteClock "0:00:05"]
[BlackClock "0:00:22"]

1. d4 Nf6 2. c4 e6 3. Nf3 d5 4. Nc3 Be7 5. Bg5 O-O 6. Qc2 Nbd7 7. e3 c6 8. O-O-O a5 9. Kb1 b6 10. Ne5 Nxe5 11. dxe5 Nd7 12. Bxe7 Qxe7 13. f4 a4 14. cxd5 cxd5 15. Bd3 Nc5 16. Bxh7+ Kh8 17. Bd3 a3 18. b3 Bd7 19. Qe2 Nxd3 20. Qxd3 Rfc8 21. Ne2 Qb4 22. Nd4 Rc3 23. Qd2 Rac8 24. h4 Ba4 25. Rhe1 Bxb3 26. axb3 Rxb3+ 27. Ka1 Rb1+ 28. Rxb1 Qxd2 29. Re2 Qc3+ 30. Ka2 Qc4+ 31. Ka1 Ra8 32. Rc2 Qd3 33. Rb3 Qd1+ 34. Ka2 Ra4 35. Rbc3 Rb4 36. Kxa3 Rc4 37. Kb3 Qb1+ 38. Rb2 Qd1+ 39. Rbc2 Rxc3+ 40. Kxc3 Qe1+ 41. Kd3 Qxh4 42. Rb2 Qh1 43. Rc2 Qb1 44. Kd2 b5 45. Nf3 b4 46. Ng5 g6 47. Rc8+ Kg7 48. Rc7 b3 49. Rxf7+ Kg8 50. Rb7 Qb2+ 51. Ke1 Qc1+ 52. Kf2 Qc2+ 53. Kf3 b2 54. Rb8+ Kg7 55. Rb7+ Kf8 56. Rb8+ Ke7 57. Rb7+ Kd8 58. Nxe6+ Kc8 59. Rc7+ Qxc7 60. Nxc7 Kxc7 0-1


[Site "https://www.chess.com"]

[Event "Titled Tuesday Blitz October 11 Early 2022"]
[White "Beerdsen, Thomas"]
[Black "Turayev, Shahruh"]
[WhiteFideId "1030108"]
[BlackFideId "14003856"]
[WhiteElo "2567"]
[BlackElo "2628"]
[Result "1-0"]
[Round "03"]
[TimeControl "180+1"]
[Date "2022.10.12"]
[WhiteClock "0:00:45"]
[BlackClock "0:00:01"]

1. e4 e6 2. c4 d5 3. cxd5 exd5 4. Qa4+ Qd7 5. Qxd7+ Bxd7 6. exd5 Nf6 7. Nc3 Bd6 8. Nf3 O-O 9. Be2 Bg4 10. O-O Nbd7 11. h3 Bh5 12. g4 Bg6 13. g5 Ne4 14. d3 Nec5 15. Rd1 Nb6 16. Be3 Rad8 17. Rac1 Nca4 18. Nxa4 Nxa4 19. Bd4 Rfe8 20. Bf1 Bf4 21. Rc4 b5 22. Rb4 a6 23. Bxg7 Bd6 24. Rxa4 bxa4 25. Bf6 Be7 26. Rc1 Bxf6 27. gxf6 Rxd5 28. Rxc7 Bh5 29. Nd2 Bg6 30. Nc4 Bxd3 31. Bxd3 Rxd3 32. Ne5 Rd6 33. Ng4 Kf8 34. f4 h5 35. Ne5 Rb8 36. Rxf7+ Kg8 37. Rg7+ Kf8 38. Ng6+ Ke8 39. f7+ 1-0


[Site "https://www.chess.com"]